 Dungeon Crawl Stone Soup version 0.27-a0-1136-g0b992a5a9d (webtiles) character file.

Game seed: 7687375091122286249

76 tsouns the Magician (level 4, 0/30 HPs)
             Began as a Demonspawn Hedge Wizard on May 4, 2021.
             Was a Believer of Lugonu.
             Slain by an orc
             ... wielding a +3 falchion
              (5 damage)
             ... on level 3 of the Dungeon on May 5, 2021.
             The game lasted 00:05:11 (2972 turns).

tsouns the Magician (Demonspawn Hedge Wizard)       Turns: 2972, Time: 00:05:12

Health: 0/30       AC:  2    Str: 11    XL:     4   Next: 12%
Magic:  9/9        EV: 12    Int: 16    God:    Lugonu [**....]
Gold:   76         SH:  0    Dex: 12    Spells: 2/9 levels left

rFire    . . .     SeeInvis .   a - +1 dagger
rCold    . . .     Faith    .   (no shield)
rNeg     . . .     Spirit   .   b - +0 robe
rPois    .         Reflect  .   c - +0 hat
rElec    .         Harm     .   (no cloak)
rCorr    .         Rampage  .   (no gloves)
Will     .....                  (no boots)
Stlth    ++........             (no amulet)
HPRegen  0.10/turn              (no ring)
MPRegen  0.11/turn              (no ring)

@: weak-willed
A: talons 1, powered by death 1
a: Renounce Religion, Depart the Abyss, Bend Space


You were on level 3 of the Dungeon.
You worshipped Lugonu.
Lugonu was pleased with you.
You visited 1 branch of the dungeon, and saw 3 of its levels.

You collected 76 gold pieces.

Inventory:

Hand Weapons
 a - a +1 dagger (weapon)
Missiles
 f - 15 poisoned darts
Armour
 b - a +0 robe (worn)
 c - a +0 hat (worn)
Scrolls
 d - a scroll of noise
Potions
 h - a potion of berserk rage


   Skills:
 - Level 1.7 Dodging
 - Level 1.7 Stealth
 + Level 3.4 Spellcasting
 + Level 2.1 Conjurations
 + Level 2.1 Summonings
 + Level 1.8 Translocations


You had 2 spell levels left.
You knew the following spells:

 Your Spells              Type           Power      Damage    Failure   Level
a - Magic Dart            Conj           36%        1d4       8%          1
b - Call Imp              Summ           9%         N/A       11%         2
c - Blink                 Tloc           N/A        N/A       13%         2
d - Slow                  Hex            2%         N/A       26%         2

Your spell library contained the following spells:

 Spells                   Type           Power      Damage    Failure   Level
 Conjure Flame            Conj/Fire      6%         6-21      34%         3
 Mephitic Cloud           Conj/Pois/Air  5%         N/A       38%         3


Dungeon Overview and Level Annotations

Branches:
Dungeon (3/15)

Altars:
Elyvilon
Lugonu


Innate Abilities, Weirdness & Mutations

You have sharp toenails.
You regenerate a little health from kills.


Message History

Casting: Magic Dart (safe; 8% risk of failure)
Confirm with . or Enter, or press ? or * to list all spells.
Aiming: Magic Dart (safe; 8% risk of failure)
Press: ? - help, Shift-Dir - straight line, f/p - orc
Aim: an orc, wielding a +0 club (heavily wounded, 100% to hit)
The magic dart hits the orc.
You kill the orc!
Lugonu accepts your kill.
j - a scroll labelled RADWAS JAENN You see here a +0 club.
Magic restored.
Done exploring.
As you read the scroll labelled MUSTEKKU TUACS, it crumbles to dust.
You hear a loud clanging noise!
It was a scroll of noise.
As you read the scroll labelled VUOJAI NESAETHROKK, it crumbles to dust.
It is a scroll of identify.
h - a potion of berserk rage
As you read the scroll labelled MUTATI LETONNUS, it crumbles to dust.
Magic quickly surges around you.
It was a scroll of vulnerability.
Blink to where?
Press: ? - help, Dir - move target
As you read the scroll labelled TACOVVE SIUFU, it crumbles to dust.
It was a scroll of blinking.
As you read the scroll labelled RADWAS JAENN, it crumbles to dust.
It is a scroll of enchant weapon.
Your +0 dagger glows red for a moment.
There is a stone staircase leading down here.
You climb downwards.
A frilled lizard comes into view.
The orc hits you with a +0 hand axe. The orc hits you with a +3 falchion.
The orc hits you with a +0 dagger. The orc hits you with a +0 hand axe.
There is a stone staircase leading up here.
Unknown command.
The orc hits you with a +3 falchion!
* * * LOW HITPOINT WARNING * * *
The orc hits you with a +0 hand axe.
* * * LOW HITPOINT WARNING * * *
The orc hits you with a +3 falchion.
You die...

#.......# .## ##
#.......##..##..
#.......##.....#
##.....).##.....
........l#...#
.......<....# ##
.#.....)†.#.##..##.
#.......oo........
#.......o#@###..#
#........#.#
#........#.#
#..###...... #.#
#...... .. #.......
#....... #####..


You could see 2 orcs and a frilled lizard.

Vanquished Creatures
  An adder (D:2)
  2 worms (D:2)
  A dart slug (D:1)
  2 orcs
  2 ball pythons
  3 bats
  6 endoplasms
  3 giant cockroaches
  5 goblins
  5 hobgoblins
  2 jackals (D:2)
  A quokka (D:1)
  2 frilled lizards (D:1)
  4 kobolds
  2 rats (D:1)
41 creatures vanquished.

Vanquished Creatures (collateral kills)
  A gnoll (D:2)
  An adder (D:2)
  A worm (D:2)
  2 jackals (D:2)
5 creatures vanquished.

Grand Total: 46 creatures vanquished

Notes
Turn   | Place    | Note
-------+----------+-------------------------------------------
     0 | D:1      | tsouns the Demonspawn Hedge Wizard began the quest for the
                  | Orb.
     0 | D:1      | Reached XP level 1. HP: 13/13 MP: 4/4
    94 | D:1      | Found a faded altar of an unknown god.
    96 | D:1      | Reached skill level 1 in Translocations
   106 | D:1      | Became a worshipper of Lugonu the Unformed
   106 | D:1      | Reached * piety under Lugonu
   106 | D:1      | Reached ** piety under Lugonu
   268 | D:1      | Gained mutation: You have sharp toenails. [demonic
                  | ancestry]
   268 | D:1      | Reached XP level 2. HP: 2/19 MP: 0/6
   657 | D:1      | Learned a level 2 spell: Call Imp
   660 | D:1      | Learned a level 2 spell: Blink
   663 | D:1      | Learned a level 2 spell: Slow
  1472 | D:2      | Gained mutation: You regenerate a little health from kills.
                  | [demonic ancestry]
  1472 | D:2      | Reached XP level 3. HP: 24/24 MP: 4/7
  2742 | D:2      | Reached XP level 4. HP: 30/30 MP: 1/9
  2972 | D:3      | Slain by an orc

Illustrated notes

Levels and vault maps discovered:
D:1:      dpeg_arrival_connections, layout_rooms, ebering_ecumenical_altar_rust,
          grunt_decor_junction
D:2:      layout_loops_cross, basic_altar, minmay_pentomino_p2
D:3:      layout_rooms, marbit_many_paths

Skill      XL: |  1  2  3 |
---------------+----------+-----
Translocations | 1 |  1.8
Summonings     | 2 |  2.1
Conjurations   | 2 |  2.1
Dodging        | |  1.7
Stealth        | |  1.7
Spellcasting   | |  3.4

Action                   |  1- 3 |  4- 6 || total
-------------------------+-------+-------++-------
Melee: Dagger            |    28 |       ||    28
       Kick              |     8 |       ||     8
 Cast: Magic Dart        |    96 |    15 ||   111
       Call Imp          |     7 |       ||     7
  Use: Scroll            |       |     5 ||     5
 Stab: Distracted        |     1 |       ||     1
Armor: Robe              |     5 |       ||     5
Dodge: Dodged            |    38 |     5 ||    43

Table legend: (Time is in decaauts)
 A = Elapsed time spent in this place.
 B = Non-inter-level travel time spent in this place.
 C = Inter-level travel time spent in this place.
 D = Time resting spent in this place.
 E = Time spent auto-exploring this place.
 F = Levels seen in this place.
 G = Mean time per level.
                   A        B        C        D        E       F      G
               +--------+--------+--------+--------+--------+-----+--------+
         Total |   2973 |   2917 |     56 |      0 |   2414 |   3 |  991.0 |
       Dungeon |   2973 |   2917 |     56 |      0 |   2414 |   3 |  991.0 |
               +--------+--------+--------+--------+--------+-----+--------+

Top non-repeatable levels by time:
     D:2: 1742 daAuts
     D:1: 1151 daAuts
     D:3: 79 daAuts
